 Dungeon Crawl Stone Soup version 0.20.1-1-g8b1a95d (console) character file.

144 bli the Skirmisher (level 5, -4/43 HPs)
             Began as a Formicid Abyssal Knight on Aug 6, 2017.
             Was a Follower of Lugonu.
             Slain by a worker ant (6 damage)
             ... on level 3 of the Dungeon.
             The game lasted 00:05:36 (2073 turns).

bli the Skirmisher (Formicid Abyssal Knight)        Turns: 2073, Time: 00:05:36

Health: -4/43      AC:  4    Str: 17    XL:     5   Next: 51%
Magic:  6/6        EV: 11    Int: 11    God:    Lugonu [*.....]
Gold:   82         SH:  0    Dex: 11    Spells: 4/4 levels left

rFire    . . .     SeeInvis +   a - +1 spear
rCold    . . .     Gourm    .   (no shield)
rNeg     . . .     Faith    .   b - +0 leather armour
rPois    .         Spirit   .   (helmet unavailable)
rElec    .         Reflect  .   n - +0 cloak
rCorr    .         Harm     .   (no gloves)
MR       .....                  (no boots)
Stlth    +.........             (no amulet)
Regen    0.2/turn               (no ring)
MPRegen  0.1/turn               (no ring)

@: lethally poisoned (-4 -> -16)
A: permanent stasis, dig shafts and tunnels, four strong arms, antennae 3
a: Dig, Shaft Self, Depart the Abyss, Renounce Religion


You were on level 3 of the Dungeon.
You worshipped Lugonu.
Lugonu was aware of your devotion.
You were not hungry.

You visited 1 branch of the dungeon, and saw 3 of its levels.
You visited the Abyss 1 time.

You collected 82 gold pieces.

Inventory:

Hand Weapons
 a - a +1 spear (weapon)
 o - a +1 short sword of speed
Missiles
 h - 57 stones (quivered)
Armour
 b - a +0 leather armour (worn)
 f - a +0 scale mail
 n - a +0 cloak (worn)
 p - a cursed +0 chain mail
 q - a +0 scale mail
Scrolls
 d - a scroll of identify {unknown}
 g - a scroll of noise {unknown}
 i - a scroll of enchant armour {unknown}
 l - 3 scrolls of teleportation {unknown}
Potions
 k - 2 potions of agility {unknown}
Comestibles
 c - 4 bread rations
 j - 2 meat rations
 m - 6 chunks of flesh


   Skills:
 * Level 4.3 Fighting
 + Level 3.6 Polearms
 + Level 2.8 Armour
 + Level 1.2 Dodging
 + Level 1.6 Stealth
 + Level 2.3 Invocations


You had 4 spell levels left.
You didn't know any spells.

Dungeon Overview and Level Annotations

Branches:
Dungeon (3/15)

Altars:

Annotations:
D:2 Sigmund


Innate Abilities, Weirdness & Mutations

You cannot be hasted, slowed, berserked, paralysed or teleported.
You can dig through walls and to a lower floor.
Your four strong arms can wield two-handed weapons with a shield.
You have a pair of large antennae on your head. (SInv)


Message History

The worker ant bites you but does no damage.
You closely miss the worker ant.
The worker ant is severely wounded.
The worker ant bites you.
* * * LOW HITPOINT WARNING * * *
You are lethally poisoned!
The worker ant poisons you!
You hit the worker ant but do no damage.
The worker ant is severely wounded.
* * * LOW HITPOINT WARNING * * *
You feel sick. The worker ant bites you.
* * * LOW HITPOINT WARNING * * *
You are more poisoned.
The worker ant poisons you!
The worker ant bites you but does no damage.
You hit the worker ant.
The worker ant is almost dead.
* * * LOW HITPOINT WARNING * * *
You feel sick. The worker ant bites you.
You die...

# # ### # #.. ...
#.# #### #.# #.. #.#
#.# #@###.###.#
#.a....>..#
#####)##### #.#### .
#.##.##
....##a#...########
.....'..............
.....##.#...########
.... #.##.## ### ...
#.#### #.. .. #.#
#.#


You could see a worker ant.

Vanquished Creatures
  A bullfrog (D:3)
  Terence (D:2)
  An adder (D:2)
  A worm (D:3)
  A dart slug (D:1)
  2 leopard geckos
  10 goblins
  2 hobgoblins (D:2)
  3 ball pythons
  2 bats
  5 frilled lizards
  5 kobolds
  7 rats
41 creatures vanquished.

Notes
Turn   | Place    | Note
-------+----------+-------------------------------------------
     0 | Abyss:1  | bli the Formicid Abyssal Knight began the quest for the Orb.
     0 | Abyss:1  | Reached XP level 1. HP: 18/18 MP: 2/2
    60 | Abyss:1  | Noticed a small abomination
    63 | D:1      | Escaped the Abyss
   205 | D:1      | Reached XP level 2. HP: 7/24 MP: 3/3
   555 | D:1      | Reached * piety under Lugonu
  1010 | D:1      | Reached skill level 1 in Stealth
  1010 | D:1      | Reached XP level 3. HP: 28/30 MP: 4/4
  1431 | D:2      | Reached skill level 1 in Dodging
  1464 | D:2      | Noticed Terence
  1477 | D:2      | Killed Terence
  1477 | D:2      | Reached skill level 4 in Fighting
  1477 | D:2      | Reached XP level 4. HP: 29/37 MP: 5/5
  1499 | D:2      | Noticed Sigmund
  1505 | D:2      | You fall through a shaft!
  1964 | D:3      | Noticed a bullfrog
  1986 | D:3      | Killed a bullfrog
  1986 | D:3      | Reached XP level 5. HP: 16/43 MP: 6/6
  2065 | D:3      | HP: 2/43 [worker ant (2)]
  2073 | D:3      | HP: 2/43 [poisoned by a worker ant]
  2073 | D:3      | Slain by a worker ant

Skill      XL: |  1  2  3 |
---------------+----------+-----
Stealth        | 1 |  1.6
Dodging        | 1 |  1.2
Fighting       | 4 |  4.3
Polearms       | 3 |  3.6
Armour         | |  2.8
Invocations    | |  2.3

Action                   |  1- 3 |  4- 6 || total
-------------------------+-------+-------++-------
Melee: Spear             |   127 |    63 ||   190
Invok: Depart the Abyss  |     1 |       ||     1
 Abil: Dig               |     1 |       ||     1
       Shaft Self        |       |     1 ||     1
  Use: Potion            |       |     2 ||     2
 Stab: Sleeping          |     3 |     2 ||     5
  Eat: Chunk             |     2 |     2 ||     4
Armor: Leather armour    |    28 |    10 ||    38
Dodge: Dodged            |    55 |    29 ||    84
